 Dungeon Crawl Stone Soup version 0.28-a0-1167-g616b1c6417 (webtiles) character file.

Game seed: 2397491003161393547

12 Fortus the Slasher (level 2, 0/22 HPs)
             Began as a Demonspawn Gladiator on Dec 16, 2021.
             Frozen to death by an endoplasm (2 damage)
             ... on level 1 of the Dungeon.
             The game lasted 00:00:36 (482 turns).

Fortus the Slasher (Demonspawn Gladiator)            Turns: 482, Time: 00:00:36

Health: 0/22       AC:  4    Str: 14    XL:     2   Next: 20%
Magic:  2/2        EV: 12    Int:  9    God:
Gold:   34         SH:  0    Dex: 14    Spells: 1/1 levels left

rFire   . . .      SeeInvis .   a - +0 long sword
rCold   . . .      Faith    .   (no shield)
rNeg    . . .      Spirit   .   b - +0 leather armour
rPois   .          Reflect  .   c - +0 helmet
rElec   .          Harm     .   (no cloak)
rCorr   .          Rampage  .   (no gloves)
Will    .....                   (no boots)
Stlth   +.........              (no amulet)
HPRegen 0.07/turn               (no ring)
MPRegen 0.08/turn               (no ring)

@: no status effects
A: powered by pain 1
a: no special abilities


You were on level 1 of the Dungeon.
You visited 1 branch of the dungeon, and saw 1 of its levels.

You collected 34 gold pieces.

Inventory:

Hand Weapons
 a - a +0 long sword (weapon)
Missiles
 d - 2 throwing nets (quivered)
Armour
 b - a +0 leather armour (worn)
 c - a +0 helmet (worn)
Scrolls
 e - a scroll of identify {unknown}
 f - a scroll of teleportation {unknown}


   Skills:
 - Level 2.0 Fighting
 + Level 3.3 Long Blades
 - Level 1.7 Throwing
 - Level 2.6 Dodging


You had one spell level left.
You didn't know any spells.
Your spell library was empty.

Dungeon Overview and Level Annotations

Branches:
Dungeon (1/15)

Altars:


Innate Abilities, Weirdness & Mutations

You sometimes gain a little power by taking damage.


Message History

You are frozen.
The quokka misses you.
You hit the quokka but do no damage.
The quokka is almost dead.
The bat barely misses you.
The endoplasm hits you but does no damage.
The quokka closely misses you.
You slash the quokka!
You kill the quokka!
The bat hits you but does no damage. The bat barely misses you.
The bat closely misses you.
The endoplasm hits you but does no damage.
The bat hits you but does no damage. The endoplasm barely misses you.
You closely miss the bat. The bat barely misses you. The bat misses you.
The bat barely misses you. The bat completely misses you.
The endoplasm hits you but does no damage.
You closely miss the bat. The bat hits you.
* * * LOW HITPOINT WARNING * * *
The bat hits you but does no damage. The bat closely misses you.
The endoplasm misses you. The bat barely misses you.
You barely miss the bat. The bat misses you. The bat closely misses you.
The bat barely misses you. The endoplasm freezes you.
You are frozen.
* * * LOW HITPOINT WARNING * * *
You hit the bat.
You kill the bat!
The bat hits you but does no damage. The endoplasm freezes you.
You are frozen.
* * * LOW HITPOINT WARNING * * *
The bat hits you.
* * * LOW HITPOINT WARNING * * *
The endoplasm hits you but does no damage.
You see here a +0 ring mail.
The bat hits you but does no damage. The endoplasm barely misses you.
You hit the bat.
You kill the bat!
The endoplasm freezes you.
You are frozen.
You die...

## ..####
#######....
#.....#...
##.#.##..#
#[?J@(#..#
#.###.###..#
#.........##
####.......#
##..####.#
#........#
###........##
...........+
###........##


You could see an endoplasm.

Vanquished Creatures
  3 bats (D:1)
  2 goblins (D:1)
  A hobgoblin (D:1)
  A kobold (D:1)
  A quokka (D:1)
  2 frilled lizards (D:1)
  2 rats (D:1)
12 creatures vanquished.

Notes
Turn   | Place    | Note
-------+----------+-------------------------------------------
     0 | D:1      | Fortus the Demonspawn Gladiator began the quest for the
                  | Orb.
     0 | D:1      | Reached XP level 1. HP: 16/16 MP: 1/1
   173 | D:1      | Reached skill level 3 in Long Blades
   321 | D:1      | Gained mutation: You sometimes gain a little power by
                  | taking damage. [demonic ancestry]
   321 | D:1      | Reached XP level 2. HP: 18/22 MP: 2/2
   480 | D:1      | HP: 1/22 [bat (1)]
   482 | D:1      | Frozen to death by an endoplasm

Illustrated notes

Levels and vault maps discovered:
D:1:      eino_arrival_cavern_b, layout_loops_corners,
          shapermc_ecumenical_altar_mp_highgroup, serial_bayou_pond_c,
          minmay_split_cup_large

Skill      XL: |  1 |
---------------+----+-----
Long Blades    | 3 |  3.3
Fighting       | |  2.0
Throwing       | |  1.7
Dodging        | |  2.6

Action                   || total
-------------------------++-------
Melee: Long sword        ||    40
Throw: Throwing net      ||     1
Armor: Leather armour    ||    20
Dodge: Dodged            ||    43

Table legend: (Time is in decaauts)
 A = Elapsed time spent in this place.
 B = Non-inter-level travel time spent in this place.
 C = Inter-level travel time spent in this place.
 D = Time resting spent in this place.
 E = Time spent auto-exploring this place.
 F = Levels seen in this place.
 G = Mean time per level.
                   A        B        C        D        E       F      G
               +--------+--------+--------+--------+--------+-----+--------+
         Total |    492 |    492 |      0 |      0 |    405 |   1 |  492.0 |
       Dungeon |    492 |    492 |      0 |      0 |    405 |   1 |  492.0 |
               +--------+--------+--------+--------+--------+-----+--------+

Top non-repeatable levels by time:
     D:1: 492 daAuts
